 Dungeon Crawl Stone Soup version 0.25-a0-578-gc91f01c39c (webtiles) character file.

Game seed: 17259690054961585139, levelgen mode: deterministic

57 Kohma the Changer (level 3, -5/28 HPs)
             Began as a Draconian Transmuter on Mar 6, 2020.
             Slain by Natasha (7 damage)
             ... on level 2 of the Dungeon.
             The game lasted 00:03:35 (1538 turns).

Kohma the Changer (Draconian Transmuter)            Turns: 1538, Time: 00:03:35

Health: -5/28      AC:  5    Str: 12    XL:     3   Next: 73%
Magic:  0/6        EV: 12    Int: 14    God:
Gold:   61         SH:  0    Dex: 11    Spells: 1/7 levels left

rFire    . . .     SeeInvis .     - Unarmed
rCold    . . .     Gourm    .   (no shield)
rNeg     . . .     Faith    .   (armour unavailable)
rPois    .         Spirit   .   (helmet restricted)
rElec    .         Reflect  .   (no cloak)
rCorr    .         Harm     .   (no gloves)
MR       .....                  (no boots)
Stlth    +.........             (no amulet)
HPRegen  0.09/turn              (no ring)
MPRegen  0.10/turn              (no ring)

@: appendage
A: unfitting armour, horns 2, cold-blooded, AC +5
a: End Transformation


You were on level 2 of the Dungeon.
You were hungry.
You had grown temporary horns.
You visited 1 branch of the dungeon, and saw 2 of its levels.

You collected 61 gold pieces.

Inventory:

Missiles
 a - 8 arrows
Armour
 f - a +0 buckler
Jewellery
 i - an uncursed amulet of magic regeneration {unknown}
Scrolls
 h - a scroll of teleportation {unknown}
 k - a scroll of identify {unknown}
Potions
 d - 3 potions of curing
 e - 2 potions of lignification {unknown}
 g - a potion of cancellation {unknown}
 j - a potion of magic {unknown}
Comestibles
 c - 2 rations


   Skills:
 - Level 1.1 Fighting
 - Level 1.7 Dodging
 * Level 1.5 Shields
 - Level 3.0 Unarmed Combat
 + Level 2.6 Spellcasting
 * Level 3.1 Transmutations


You had one spell level left.
You knew the following spells:

 Your Spells              Type           Power        Failure   Level  Hunger
a - Beastly Appendage     Tmut           ##....       6%          1    #......
b - Sticks to Snakes      Tmut           ##......     10%         2    ###....
c - Spider Form           Tmut/Pois      #.........   34%         3    ###....

Your spell library contained the following spells:

 Spells                   Type           Power        Failure   Level  Hunger
 Ice Form                 Ice/Tmut       #.......     75%         4    #####..
 Blade Hands              Tmut           ##........   86%         5    ######.


Dungeon Overview and Level Annotations

Branches:
Dungeon (2/15)

Altars:

Annotations:
D:2 Natasha


Innate Abilities, Weirdness & Mutations

Your plain brown scales are hard. (AC +5)
You cannot fit into any form of body armour.
You are cold-blooded and may be slowed by cold attacks.
You have a pair of horns on your head.


Message History

Your magical contamination has completely faded away.
You hit Natasha.
Natasha is heavily wounded.
Natasha barely misses you.
Your ball python bites Natasha but does no damage.
Your ball python constricts Natasha.
Natasha casts a spell.
Casting: Sticks to Snakes (safe; 10% risk of failure)
Confirm with . or Enter, or press ? or * to list all spells.
You grow a pair of large bovine horns.
You feel yourself speed up.
Your ball python barely misses Natasha.
Your ball python constricts Natasha.
Natasha claws you.
* * * LOW HITPOINT WARNING * * *
Your ball python bites Natasha but does no damage.
Your ball python constricts Natasha.
You hit Natasha. You tail-slap Natasha.
Natasha is severely wounded.
Natasha claws you!
You die...

#...............#.#.# #.# #
####...##.# #.#.#.#.# #.# #
##.###.###.#.#.#.# #.#######
#.............#.#####........
#.....)...#...............###
#####.######)(##.########## #
#.# #......# # #.# #.###..#
#)######@# #..#
#......#h###.<#
###....S5.##..# #.##.#..##...
####.##.#..###.##
...........# #.# ####.##.##.#
#.# # #.##.# #.# .....# #.#


You could see Natasha, a white imp and a friendly ball python.

Vanquished Creatures
  A dart slug (D:2)
  4 giant cockroaches
  7 goblins
  3 hobgoblins
  4 kobolds
  A quokka (D:2)
  A ball python (D:1)
  4 bats
  A frilled lizard (D:1)
  7 rats
33 creatures vanquished.

Vanquished Creatures (collateral kills)
  Natasha (D:2)
  A bat (D:2)
2 creatures vanquished.

Grand Total: 35 creatures vanquished

Notes
Turn   | Place    | Note
-------+----------+-------------------------------------------
     0 | D:1      | Kohma the Draconian Transmuter began the quest for the Orb.
     0 | D:1      | Reached XP level 1. HP: 16/16 MP: 3/3
   206 | D:1      | Reached XP level 2. HP: 23/23 MP: 5/5
   535 | D:1      | Learned a level 2 spell: Sticks to Snakes
   833 | D:2      | Reached skill level 1 in Shields
  1076 | D:2      | Reached XP level 3. HP: 22/28 MP: 4/6
  1081 | D:2      | Learned a level 3 spell: Spider Form
  1213 | D:2      | Noticed Natasha
  1224 | D:2      | Killed Natasha
  1516 | D:2      | Noticed Natasha
  1538 | D:2      | Slain by Natasha

Levels and vault maps discovered:
D:1:      dpeg_arrival_oval, layout_basic, minmay_tripent
D:2:      layout_loops_ring, uniq_natasha

Skill      XL: |  1  2  3 |
---------------+----------+-----
Shields        | 1 |  1.5
Transmutations | 3 |  3.1
Fighting       | |  1.1
Dodging        | |  1.7
Unarmed Combat | |  3.0
Spellcasting   | |  2.6

Action                   || total
-------------------------++-------
Melee: Unarmed           ||   134
       Tailslap          ||    14
       Kick              ||    11
       Headbutt          ||     3
       Punch             ||     1
 Cast: Beastly Appendage ||     8
       Sticks to Snakes  ||     4
 Stab: Sleeping          ||     1
  Eat: Chunk             ||     2
Armor: Skin              ||    45
Dodge: Dodged            ||    89

Table legend:
 A = Non-vault XP
 B = Vault XP
 C = Vault XP percentage of total XP
 D = Non-vault monster count
 E = Vault monster count
 F = Vault count percentage of total count
                 A         B        C        D         E       F
            +---------+---------+-------+---------+---------+-------
      Total |      53 |      29 |  35.4 |      32 |       3 |   8.6
            +---------+---------+-------+---------+---------+-------
        D:1 |      27 |       4 |  12.9 |      18 |       2 |  10.0
        D:2 |      26 |      25 |  49.0 |      14 |       1 |   6.7
            +---------+---------+-------+---------+---------+-------
